Description

This is an relatively efficient way to max out with roach hydra.

Replay - Benchmark roach hydra zvt

Build Order

Get SALT Encoding   

  12  0:00  Drone  
  13  0:12  Overlord  
  13  0:16  Drone  
  14  0:30  Drone x3  
  17  0:45  Spawning Pool  
  17  0:47  Drone  
  17  1:09  Hatchery  
  16  1:12  Drone x2  
  16  1:15  Extractor  
  17  1:20  Drone  
  18  1:31  Queen  
  20  1:34  Zergling x4  
  22  1:49  Overlord  
  22  2:06  Queen  
  22  2:07  Drone  
  26  2:17  Metabolic Boost  
  30  2:40  Overlord  
  44  3:27  Overlord x2  
  44  3:29  Hatchery  
  43  3:41  Roach Warren  
  52  3:55  Queen  
  54  4:21  Roach x8  
  70  4:32  Roach  
  70  4:33  Queen  
  70  4:38  Roach  
  85  5:03  Evolution Chamber x2  
  85  5:10  Extractor x3  
  87  5:16  Extractor  
  86  5:23  Hatchery  
  89  5:31  Zerg Missile Weapons Level 1  
  90  5:40  Extractor  
  90  5:42  Zerg Ground Armor Level 1  
  92  5:44  Lair  
  135  6:43  Hydralisk Den  
  135  6:44  Glial Reconstitution  
  150  7:15  Muscular Augments, Hydralisk x7  
  164  7:23  Hydralisk x3  
  180  7:52  Extractor  
  191  8:06  Extractor  
  200  8:25  Infestation Pit  
  199  9:03  Spire  
Spawning Tool Build Advisor. Get it on Overwolf

Go to:

Details

  • Created by: Suss
  • Published on: Sep 29, 2017
  • Modified on: Sep 29, 2017
  • Patch: 3.8.0
Show
View Real Time Build Order
Export as new Build Order

Comments (0)

There are no comments. Be the first!

Create an account to comment!